 Dungeon Crawl Stone Soup version 0.31-a0-672-g7da72447bb (webtiles) character file.

Game seed: 11567689078992746901

5660 heikuro the Blocker (level 11, -3/86 HPs)
             Began as a Formicid Fighter on Sept 1, 2023.
             Was an Elder of Okawaru.
             Slain by a deep troll (shapeshifter) (7 damage)
             ... on level 7 of the Dungeon on Sept 4, 2023.
             The game lasted 00:18:09 (8587 turns).

heikuro the Blocker (Formicid Fighter)              Turns: 8587, Time: 00:18:09

Health: -3/86      AC: 14    Str: 26    XL:     11   Next: 4%
Magic:  13/15      EV: 13    Int:  9    God:    Okawaru [****..]
Gold:   477        SH:  8    Dex: 13    Spells: 10/10 levels left

rFire   + . .        F - +3 battleaxe
rCold   . . .        c - +0 buckler
rNeg    . . .        b - +3 ring mail "Nihikeit" {*Slow +Blink rF+ Int+2}
rPois   .            (helmet unavailable)
rElec   .            v - +0 cloak
rCorr   .            (no gloves)
SInv    +            e - +0 pair of boots
Will    +....        (no amulet)
Stlth   ++           D - ring of flight
HPRegen 0.34/turn    (no ring)
MPRegen 0.14/turn

%: slow self (1%)
@: heroic, flying
A: permanent stasis, dig shafts and tunnels, antennae 3, four strong arms
a: Dig, Shaft Self, Renounce Religion, Heroism, Finesse


You were on level 7 of the Dungeon.
You worshipped Okawaru.
Okawaru was greatly pleased with you.
You visited 2 branches of the dungeon, and saw 9 of its levels.
You also visited: Sewer.

You collected 477 gold pieces.

Inventory:

Hand Weapons
 i - a +0 short sword of venom
 p - a +1 sling of draining
 y - a +1 hand axe of electrocution
 C - a +0 halberd
 F - a +3 battleaxe (weapon)
Missiles
 m - 7 poisoned darts (quivered)
Armour
 b - the +3 ring mail "Nihikeit" (worn) {*Slow +Blink rF+ Int+2}
   (You found it on level 5 of the Dungeon)

   Int+2:     It affects your intelligence (+2).
   rF+:       It protects you from fire.
   +Blink:    It lets you blink.
   *Slow:     It may slow you when you take damage.
 c - a +0 buckler (worn)
 e - a +0 pair of boots (worn)
 v - a +0 cloak (worn)
 A - a +0 chain mail
Jewellery
 D - a ring of flight (left hand)
Wands
 o - a wand of mindburst (5)
 u - a wand of flame (23)
Scrolls
 a - 3 scrolls of enchant weapon {unknown}
 g - a scroll of teleportation {unknown}
 j - a scroll of vulnerability {unknown}
 n - 2 scrolls of revelation {unknown}
 q - 4 scrolls of immolation
 r - a scroll of poison {unknown}
 w - a scroll of fog
 x - a scroll of silence {unknown}
 z - a scroll of identify
 B - 3 scrolls of enchant armour {unknown}
 E - a scroll of noise {unknown}
Potions
 d - a potion of might
 f - a potion of brilliance
 h - a potion of mutation
 k - 4 potions of lignification
 l - 3 potions of heal wounds
 s - a potion of enlightenment
 t - 2 potions of attraction


   Skills:
 + Level 8.1(13.1) Fighting
 * Level 8.2(13.2) Axes
 + Level 8.0(13.0) Armour
 + Level 11.3(16.3) Shields
 + Level 6.4 Invocations


You had 10 spell levels left.
You didn't know any spells.
Your spell library contained the following spells:

 Spells                   Type           Power      Damage    Failure   Level
 Magic Dart               Conj           0%         1d3       52%         1
 Searing Ray              Conj           0%         2d4       65%         2
 Sublimation of Blood     Necr           0%         N/A       65%         2
 Wereblood                Tmut           0%         N/A       65%         2
 Gell's Gravitas          Tloc           0%         N/A       87%         3
 Inner Flame              Hex/Fire       0%         N/A       87%         3
 Teleport Other           Tloc           0%         N/A       87%         3
 Fulminant Prism          Conj/Hex       0%         3d5       99%         4
 Arcjolt                  Conj/Air       0%         1d10      100%        5
 Yara's Violent Unravell  Hex/Tmut       0%         3d3       100%        5
 Dispersal                Tloc           0%         N/A       100%        6
 Enfeeble                 Hex            0%         N/A       100%        7
 Maxwell's Capacitive Co  Air            0%         ∞         100%        8
 Vhi's Electric Charge    Tloc/Air       Unusable   N/A       N/A         4
 Summon Hydra             Summ           Unusable   N/A       N/A         7

Dungeon Overview and Level Annotations

Branches:
Dungeon (8/15)             Temple (1/1) D:4           Sewer (visited)
   Lair: D:8-11

Altars:
Ashenzari
Cheibriados
Dithmenos
Elyvilon
Fedhas
Gozag
Hepliaklqana
Kikubaaqudgha
Nemelex Xobeh
Okawaru
Qazlal
Ru
Sif Muna
Uskayaw
Vehumet
Wu Jian
Xom
Yredelemnul
Zin
The Shining One

Shops:
D:5 :   D:6 *   D:8 (

Annotations:
D:5 3 runed translucent doors, bahustanut's ghost, novice OgGl


Innate Abilities, Weirdness & Mutations

You cannot be hasted, slowed, berserked, paralysed or teleported.
You can dig through walls and to a lower floor.
You have a pair of large antennae on your head. (SInv)
Your four strong arms can wield two-handed weapons with a shield.


Message History

You closely miss the deep troll.
The deep troll is moderately wounded.
The deep troll bites you but does no damage.
The deep troll closely misses you. The deep troll claws you!
You hit the deep troll but do no damage.
The deep troll is moderately wounded.
The deep troll bites you! The deep troll barely misses you.
The deep troll claws you but does no damage.
The deep troll attacks as it pursues you!
The deep troll completely misses you.
The deep troll claws you but does no damage. x2
You see here a polar bear corpse.
There is a stone staircase leading up, spattered with blood here.
You block the deep troll's attack. The deep troll claws you!
* * * LOW HITPOINT WARNING * * *
The deep troll claws you.
* * * LOW HITPOINT WARNING * * *
You fly upwards.
There is a stone staircase leading down here.
You gain the combat prowess of a mighty hero.
You block the deep troll's attack. The deep troll claws you.
* * * LOW HITPOINT WARNING * * *
The deep troll claws you.
* * * LOW HITPOINT WARNING * * *
You slice the deep troll!!
The deep troll is severely wounded.
You block the deep troll's attack.
The deep troll claws you but does no damage.
The deep troll claws you.
* * * LOW HITPOINT WARNING * * *
You barely miss the deep troll.
The deep troll is heavily wounded.
The deep troll barely misses you. The deep troll claws you!
* * * LOW HITPOINT WARNING * * *
You block the deep troll's attack.
Unknown command.
You hit the deep troll.
The deep troll is heavily wounded.
The deep troll bites you!
You die...

##### #...##### #.......####
#....##....# ####..####.##
##....@## #..#######
##.....T.####.#.....#
#...>.......#.......####
#.........#.##.........#
#.........#.###.....##.#
#.........#.###......#..
#.........#....##..#...#
#..........###.###..##.#
########...............).......


You could see a deep troll shaped shifter.

Vanquished Creatures
  A two-headed ogre (D:8)
  Pikel (D:6)
  A polar bear (D:8)
  Grinder (D:5)
  A hornet (D:6)
  Sigmund (D:3)
  3 water moccasins
  4 black bears
  2 sky beasts (D:7)
  A centaur (D:7)
  5 ice beasts
  An ogre (D:5)
  2 wolves (D:8)
  A phantom (D:4)
  A kobold brigand (D:6)
  Blork the orc (D:5)
  4 bullfrogs
  A gnoll sergeant (D:6)
  6 scorpions
  5 wights
  A hornet simulacrum (D:8)
  An electric eel (D:8)
  A jelly (D:6)
  2 orc priests
  5 hounds
  5 iguanas
  Natasha (thrice) (D:2)
  3 orc wizards
  Robin (D:2)
  17 adders
  6 gnolls (D:6)
  3 river rats (D:5)
  A shadow imp (D:4)
  A white imp (D:8)
  6 ufetubi
  4 worms
  A dart slug (D:1)
  23 orcs
  12 endoplasms
  22 giant cockroaches
  21 goblins
  7 hobgoblins
  3 jackals (D:1)
  12 quokkas
  20 ball pythons
  4 bats
  7 frilled lizards
  15 kobolds
  7 rats
257 creatures vanquished.

Notes
Turn   | Place    | Note
-------+----------+-------------------------------------------
     0 | D:1      | heikuro the Formicid Fighter began the quest for the Orb.
     0 | D:1      | Reached XP level 1. HP: 18/18 MP: 1/1
    71 | D:1      | Upgraded the game from 0.31-a0-662-g684573625c to
                  | 0.31-a0-672-g7da72447bb
   102 | D:1      | Reached XP level 2. HP: 24/24 MP: 2/2
   416 | D:1      | Reached XP level 3. HP: 29/29 MP: 3/3
   763 | D:2      | Noticed Natasha
   771 | D:2      | Killed Natasha
   772 | D:2      | Reached XP level 4. HP: 25/37 MP: 4/4
   783 | D:2      | Noticed Robin
   790 | D:2      | Noticed Natasha
   801 | D:2      | Killed Robin
   803 | D:2      | Killed Natasha
   911 | D:2      | Reached XP level 5. HP: 42/42 MP: 5/5
   996 | D:2      | Reached skill level 5 in Shields
  1184 | D:2      | Noticed Natasha
  1186 | D:2      | Killed Natasha
  1823 | D:3      | Reached XP level 6. HP: 49/49 MP: 6/6
  1908 | D:3      | Reached skill level 6 in Shields
  2085 | D:3      | Noticed Sigmund
  2101 | D:3      | Killed Sigmund
  2102 | D:3      | Reached XP level 7. HP: 55/55 MP: 7/7
  2526 | D:3      | Reached skill level 5 in Armour
  2813 | D:4      | Found a radiant altar of Vehumet.
  2813 | D:4      | Found an iron altar of Okawaru.
  2819 | D:4      | Became a worshipper of Warmaster Okawaru
  2867 | D:4      | Reached skill level 5 in Fighting
  2867 | D:4      | Reached skill level 7 in Shields
  3106 | D:4      | Reached skill level 1 in Invocations
  3262 | D:4      | Found a staircase to the Ecumenical Temple.
  3273 | Temple   | Entered the Ecumenical Temple
  3412 | D:4      | Reached XP level 8. HP: 60/62 MP: 8/8
  3417 | D:4      | Found a sparkling altar of Nemelex Xobeh.
  3431 | D:4      | Found an ornate altar of the Wu Jian Council.
  3524 | D:5      | Entered Level 5 of the Dungeon
  3572 | D:5      | Noticed Blork the orc
  3585 | D:5      | Killed Blork the orc
  3585 | D:5      | Reached * piety under Okawaru
  3612 | D:5      | Reached skill level 8 in Shields
  3808 | D:5      | Found Teocy's Book Shoppe.
  3836 | D:5      | Found an opulent altar of Gozag.
  3837 | D:5      | Found a shadowy altar of Dithmenos.
  3842 | D:5      | Found a runed translucent gate.
  3843 | D:5      | Found a runed translucent gate.
  3844 | D:5      | Found a runed translucent gate.
  3951 | D:5      | Found a glowing drain.
  3959 | Sewer    | Entered a sewer
  4357 | Sewer    | Reached skill level 9 in Shields
  4357 | Sewer    | Reached XP level 9. HP: 51/69 MP: 11/11
  4358 | Sewer    | Reached skill level 5 in Axes
  4657 | D:5      | Noticed bahustanut's ghost (novice OgGl)
  4709 | D:5      | Identified the +3 ring mail "Nihikeit" {*Slow +Blink rF+
                  | Int+2}
  4724 | D:5      | Noticed Grinder
  4752 | D:5      | Killed Grinder
  4847 | D:5      | Reached ** piety under Okawaru
  4884 | D:5      | Found a glowing silver altar of Zin.
  5492 | D:6      | Reached skill level 10 in Shields
  5694 | D:6      | Found Liskush's Assorted Antiques.
  6585 | D:7      | Found a shimmering altar of Xom.
  6804 | D:7      | Reached XP level 10. HP: 72/76 MP: 10/13
  6865 | D:6      | Reached skill level 5 in Invocations
  7197 | D:7      | Noticed Pikel
  7217 | D:6      | Reached *** piety under Okawaru
  7225 | D:6      | Killed Pikel
  7922 | D:8      | Reached skill level 11 in Shields
  8027 | D:8      | Noticed a two-headed ogre
  8027 | D:8      | Noticed a manticore
  8047 | D:8      | Killed a two-headed ogre
  8047 | D:8      | Reached **** piety under Okawaru
  8356 | D:8      | Reached XP level 11. HP: 35/86 MP: 15/15
  8545 | D:8      | Found Xain's Weapon Shop.
  8558 | D:8      | Noticed a wolf spider
  8561 | D:8      | a wolf spider changed into a shining eye
  8561 | D:8      | Noticed a shining eye (shapeshifter)
  8564 | D:8      | a shining eye changed into a deep troll
  8564 | D:8      | Noticed a deep troll (shapeshifter)
  8585 | D:7      | HP: 4/86 [deep troll (shapeshifter) (7)]
  8587 | D:7      | Slain by a deep troll (shapeshifter)

Illustrated notes

Levels and vault maps discovered:
D:1:      spicycebolla_arrival_clurvy, layout_basic
D:2:      layout_loops_ring, kennysheep_generic_room_4, uniq_robin, uniq_natasha
D:3:      layout_loops_cross, uniq_sigmund
D:4:      layout_rooms, minitemple, gammafunk_temple_overflow_wave,
          minmay_temple_entry_ruins, minmay_joined_circles
D:5:      kennysheep_spiral_hall, layout_basic, gammafunk_temple_overflow_pools,
          zin_statuary, gammafunk_ghost_necromancy, portal_sewer_entry_e,
          serial_shops, nicolae_shop_advertising_works
          [nicolae_subvault_shop_adworks], minivault_1, uniq_grinder,
          uniq_blork_the_orc
D:6:      layout_basic, serial_shops, nicolae_lakefront_shop, dk_vineyard_1,
          nicolae_houndstooth_variations
D:7:      layout_rooms, xom_teletrap_fun, uniq_pikel
D:8:      minmay_the_grid_octo_tiled_squarecenter
          [minmay_the_grid_octo_checkerflower, minmay_the_grid_octo_77,
          minmay_the_grid_octo_focus, minmay_the_grid_octo_teeth,
          minmay_the_grid_square_5x5_megaprize_open,
          minmay_the_grid_square_5x5_spiral,
          minmay_the_grid_square_5x5_two_small,
          minmay_the_grid_square_5x5_n_small, minmay_the_grid_square_5x5_slash],
          layout_loops_ring, serial_ice, serial_ice_f, serial_ice_i,
          serial_ice_g, serial_ice_c, serial_ice_n, serial_ice_m, serial_ice_h,
          serial_ice_a, serial_shops, nicolae_diamond_shop, grunt_ogre_cave,
          kennysheep_generic_room_13, uniq_grum
Temple:   hellmonk_temple_flake

Skill      XL: |  1  2  3  4  5  6  7  8  9 10 11 |
---------------+----------------------------------+-----
Fighting       | 4 5 6 7 8 |  8.1
Armour         | 4 5 6 7 8 |  8.0
Axes           | 3 4 6 8 |  8.2
Shields        | 5 6 7 9 10 11 | 11.3
Invocations    | 1 3 4 6 |  6.4

Action                     |  1- 3 |  4- 6 |  7- 9 | 10-12 || total
---------------------------+-------+-------+-------+-------++-------
  Melee: War axe           |    94 |    93 |   103 |       ||   290
         Short sword       |       |    11 |     2 |    11 ||    24
         Hand axe          |       |       |   333 |   130 ||   463
         Battleaxe         |       |       |       |    31 ||    31
  Throw: Dart              |       |       |       |     3 ||     3
 Invoke: Heroism           |       |       |     2 |     3 ||     5
Ability: Dig               |     2 |       |       |     2 ||     4
  Evoke: Wand              |       |       |       |     2 ||     2
    Use: Scroll            |       |     7 |     4 |       ||    11
         Potion            |       |       |     2 |       ||     2
 Armour: Scale mail        |    57 |    61 |   273 |       ||   391
         Ring mail         |       |       |    80 |   160 ||   240
         Chain mail        |       |       |     3 |       ||     3
  Dodge: Dodged            |    35 |    43 |   216 |    88 ||   382
  Block: Buckler           |    23 |    33 |   153 |    71 ||   280

Table legend: (Time is in decaauts)
 A = Elapsed time spent in this place.
 B = Non-inter-level travel time spent in this place.
 C = Inter-level travel time spent in this place.
 D = Time resting spent in this place.
 E = Time spent auto-exploring this place.
 F = Levels seen in this place.
 G = Mean time per level.
                   A        B        C        D        E       F      G
               +--------+--------+--------+--------+--------+-----+--------+
         Total |   8841 |   8394 |    447 |   1746 |   3658 |  10 |  884.1 |
       Dungeon |   8124 |   7677 |    447 |   1661 |   3472 |   8 | 1015.5 |
        Temple |      1 |      1 |      0 |      0 |      0 |   1 |    1.0 |
         Sewer |    714 |    714 |      0 |     85 |    186 |   1 |  714.0 |
               +--------+--------+--------+--------+--------+-----+--------+

Top non-repeatable levels by time:
     D:6: 1906 daAuts
     D:5: 1100 daAuts
     D:7: 1060 daAuts
     D:3: 1020 daAuts
     D:2: 914 daAuts
     D:4: 873 daAuts
     D:1: 822 daAuts
   Sewer: 714 daAuts
     D:8: 426 daAuts
  Temple: 1 daAuts
